 Dungeon Crawl Stone Soup version 0.26-a0-651-gb41185065b (webtiles) character file.

Game seed: 9032288650476083604

15674 Flugslaktarn the Cleaver (level 12, 0/117 HPs)
             Began as a Deep Dwarf Fighter on Oct 7, 2020.
             Was a Priest of Makhleb.
             Slain by an ettin
             ... wielding a +0 dire flail
              (43 damage)
             ... on level 11 of the Dungeon.
             The game lasted 00:04:48 (6850 turns).

Flugslaktarn the Cleaver (Deep Dwarf Fighter)       Turns: 6850, Time: 00:04:48

Health: 0/117      AC: 20    Str: 22    XL:     12   Next: 3%
Magic:  6/6        EV:  5    Int: 11    God:    Makhleb [***...]
Gold:   389        SH: 14    Dex: 13    Spells: 11/11 levels left

rFire    x . .     SeeInvis .   m - +2 hand axe (elec)
rCold    + . .     Faith    +   G - +2 kite shield {rN+}
rNeg     + . .     Spirit   .   k - +0 plate armour
rPois    .         Reflect  .   (no helmet)
rElec    .         Harm     .   s - +1 cloak
rCorr    .         Rampage  .   C - +1 pair of gloves
MR       +....                  o - +0 pair of boots
Stlth    ..........             i - amulet of faith
HPRegen  0.00/turn              A - ring of ice
MPRegen  0.10/turn              (no ring)

@: non-regenerating
A: damage resistance, heal wounds, sense surroundings 2, no regeneration
a: Heal Wounds, Minor Destruction, Lesser Servant of Makhleb, Renounce Religion


You were on level 11 of the Dungeon.
You worshipped Makhleb.
Makhleb was most pleased with you.
You visited 2 branches of the dungeon, and saw 12 of its levels.

You collected 486 gold pieces.
You spent 97 gold pieces at shops.

Inventory:

Hand Weapons
 m - a +2 hand axe of electrocution (weapon)
   (You took it off an orc on level 5 of the Dungeon)
 n - a +0 war axe
Armour
 k - a +0 plate armour (worn)
   (You took it off an orc warrior on level 7 of the Dungeon)
 o - a +0 pair of boots (worn)
   (You found it on level 5 of the Dungeon)
 s - a +1 cloak (worn)
   (You found it on level 5 of the Dungeon)
 C - a +1 pair of gloves (worn)
   (You found it on level 10 of the Dungeon)
 G - a +2 kite shield of positive energy (worn)
   (You took it off a tengu warrior on level 11 of the Dungeon)
Jewellery
 c - an uncursed ring of fire {unknown}
   (You found it on level 11 of the Dungeon)
 i - an amulet of faith (around neck)
   (You found it on level 7 of the Dungeon)
 j - an uncursed amulet of reflection {unknown}
   (You found it on level 8 of the Dungeon)
 A - a ring of ice (left hand)
   (You found it on level 10 of the Dungeon)
 H - a +6 ring of intelligence {unknown}
   (You found it on level 11 of the Dungeon)
Wands
 B - a wand of iceblast (9)
   (You found it on level 10 of the Dungeon)
Scrolls
 a - a scroll of holy word {unknown}
 l - 2 scrolls of enchant armour {unknown}
 r - 3 scrolls of identify
 t - a scroll of teleportation
 v - a scroll of enchant weapon {unknown}
 x - 5 scrolls of remove curse
 y - a scroll of fog
 z - a scroll of blinking
 D - 3 scrolls of vulnerability {unknown}
 E - a scroll of immolation
Potions
 b - 2 potions of cancellation
 d - a potion of might
 e - a potion of degeneration
 f - a potion of mutation
 g - a potion of flight
 h - 2 potions of haste
 p - 2 potions of resistance {unknown}
 q - 8 potions of curing
 u - 3 potions of berserk rage
 w - a potion of heal wounds
 F - a potion of ambrosia {unknown}


   Skills:
 * Level 10.4 Fighting
 * Level 11.9 Axes
 + Level 9.1 Armour
 + Level 9.1 Shields
 + Level 7.9 Invocations


You had 11 spell levels left.
You didn't know any spells.
Your spell library was empty.

Dungeon Overview and Level Annotations

Branches:
Dungeon (11/15)            Temple (1/1) D:7            Lair (0/6) D:10
    Orc: D:9-12

Altars:
Ashenzari
Cheibriados
Dithmenos
Elyvilon
Fedhas
Gozag
Hepliaklqana
Kikubaaqudgha
Makhleb
Nemelex Xobeh
Okawaru
Sif Muna
Trog
Uskayaw
Vehumet
Wu Jian
Xom
Yredelemnul
Zin
The Shining One

Shops:
D:5 ?   D:7 [   D:8 ([(:   D:9 [   D:10 [


Innate Abilities, Weirdness & Mutations

You are resistant to damage.
You can heal yourself by infusing magical energy.
You passively map the area around you.
You do not regenerate.


Message History

You feel much better. You block the ettin's attack.
The ettin hits you with a +0 dire flail!!!
You hit the ettin but do no damage.
The ettin is moderately wounded.
You hit the ettin.
The ettin is heavily wounded.
You block the ettin's attack. The ettin hits you but does no damage.
You hit the ettin but do no damage. Lightning courses through the ettin!
The ettin is severely wounded.
You block the ettin's attack.
The ettin hits you with a +0 dire flail!!
* * * LOW HITPOINT WARNING * * *
You are too injured to fight recklessly!
You are too injured to fight recklessly!
You are too injured to fight recklessly!
You are too injured to fight recklessly!
You are too injured to fight recklessly!
You feel much better.
The ettin hits you with a +0 dire flail!!!
You die...

.....#.....#.....#.....#.#.#
#..
#.).##.....##...#####..#.#.#
#.#
##'##.......##'##...##.#.#.#
#.#
,#.............#..)..#.#...#
##.#
+......#......'.....#.#.###
#...
##...........####...#.#.#
##.## ,
###.......###..'..##'#.#
#...# ,
,##.....##....####..#.##
#.#.. ,
#.....#....@#.....#..# #.###
##...##....C##....#..###.###
,,#...#.......###..#..##...).
,,
#...#.........####..##.#.#. ,
, #...#...........[#..##.....
*
####.###############..##.#.#.
#####.#..# ,..........#...†.
....#.#.#####.#
............#.#.
###...........#
*...###..........


You could see an ettin.

Vanquished Creatures
  A storm dragon (D:11)
  A fire giant (D:11)
  A yaktaur captain (D:11)
  Erolcha (D:11)
  3 two-headed ogres
  A tengu warrior (D:11)
  A manticore (D:11)
  An elephant (D:10)
  A centaur skeleton (D:10)
  An efreet (D:11)
  A hippogriff (D:8)
  27 yaks
  A basilisk (D:10)
  An ice beast (D:7)
  A sky beast (D:10)
  3 orc warriors
  2 black bears
  A necrophage (D:5)
  2 ogres
  A phantom (D:9)
  A centaur (D:7)
  A crocodile (D:10)
  A big kobold (D:8)
  6 bullfrogs
  4 scorpions
  4 wights (D:10)
  2 howler monkeys
  2 centaur zombies
  3 bullfrog zombies
  10 orc priests
  2 bullfrog skeletons
  3 hounds
  2 jellies
  Crazy Yiuf (D:7)
  3 iguanas
  10 orc wizards
  5 worker ants
  A killer bee zombie (D:10)
  A centaur simulacrum (D:11)
  2 hound skeletons
  4 worker ant zombies
  4 gnolls (D:6)
  A howler monkey skeleton (D:5)
  9 adders
  2 shadow imps
  2 white imps
  2 ufetubi
  An adder skeleton (D:9)
  2 adder zombies
  2 worms (D:4)
  3 dart slugs (D:4)
  4 leopard geckos
  42 orcs
  A ball python (D:6)
  3 bats
  A giant cockroach (D:3)
  A goblin (D:3)
  A hobgoblin (D:3)
  11 jackals
  9 quokkas
  A frilled lizard (D:4)
  6 kobolds
  A leopard gecko zombie (D:6)
  A quokka zombie (D:5)
230 creatures vanquished.

Vanquished Creatures (others)
  A plant (D:10)
1 creature vanquished.

Grand Total: 231 creatures vanquished

Notes
Turn   | Place    | Note
-------+----------+-------------------------------------------
     0 | D:1      | Flugslaktarn the Deep Dwarf Fighter began the quest for the
                  | Orb.
     0 | D:1      | Reached XP level 1. HP: 20/20 MP: 1/1
   176 | D:3      | Noticed an orc wizard
   190 | D:3      | Reached XP level 2. HP: 10/27 MP: 2/2
   197 | D:3      | You fall into a shaft and drop 3 floors!
   261 | D:5      | Entered Level 5 of the Dungeon
   296 | D:5      | Reached XP level 3. HP: 27/34 MP: 3/3
   317 | D:4      | Reached skill level 3 in Axes
   331 | D:4      | Reached XP level 4. HP: 27/42 MP: 4/4
   630 | D:4      | Found a snail-covered altar of Cheibriados.
   832 | D:3      | Reached XP level 5. HP: 34/50 MP: 5/5
   909 | D:4      | Reached skill level 4 in Axes
   930 | D:4      | Noticed an ogre
   941 | D:4      | Killed an ogre
   941 | D:4      | Reached XP level 6. HP: 30/57 MP: 5/5
  1623 | D:5      | Reached skill level 5 in Axes
  1625 | D:5      | Reached XP level 7. HP: 37/66 MP: 6/6
  1784 | D:5      | Reached skill level 5 in Fighting
  1832 | D:5      | Found Leujur's Magic Scroll Emporium.
  1841 | D:5      | Bought a scroll of blinking for 97 gold pieces
  1845 | D:5      | Reached skill level 5 in Armour
  1954 | D:5      | Reached skill level 5 in Shields
  2226 | D:6      | Reached skill level 6 in Axes
  2248 | D:6      | Reached XP level 8. HP: 47/75 MP: 6/6
  2339 | D:6      | Found a broken altar of Ashenzari.
  2823 | D:7      | Found Ymoasoso's Antique Armour Boutique.
  2936 | D:7      | Reached skill level 7 in Axes
  3049 | D:7      | Found a shadowy altar of Dithmenos.
  3122 | D:7      | Found a runed translucent door.
  3123 | D:7      | Noticed Crazy Yiuf
  3178 | D:7      | Found a staircase to the Ecumenical Temple.
  3267 | Temple   | Entered the Ecumenical Temple
  3365 | Temple   | Became a worshipper of Makhleb the Destroyer
  3565 | D:7      | Killed Crazy Yiuf
  3609 | D:8      | Reached skill level 1 in Invocations
  3623 | D:8      | Gained mutation: You passively map the area around you.
                  | [Deep Dwarf growth]
  3623 | D:8      | Reached XP level 9. HP: 49/85 MP: 3/3
  3640 | D:8      | Found an ornate altar of the Wu Jian Council.
  3640 | D:8      | Found a bloodstained altar of Trog.
  3641 | D:8      | Found an opulent altar of Gozag.
  3641 | D:8      | Found a hazy altar of Hepliaklqana.
  3678 | D:8      | Found Wocox's Book Boutique.
  3689 | D:8      | Found Ledodirgh's Weapon Shoppe.
  3693 | D:8      | Found Raqaofo's Antique Armour Shoppe.
  3873 | D:8      | Found Tuisut Zako's Antique Weapon Emporium.
  4166 | D:8      | Found a burning altar of Makhleb.
  4460 | D:9      | Reached skill level 8 in Axes
  4548 | D:9      | Reached * piety under Makhleb
  4781 | D:9      | Noticed a two-headed ogre
  4802 | D:9      | Killed a two-headed ogre
  4832 | D:9      | Found Apuet's Armour Shop.
  5121 | D:9      | Reached skill level 9 in Axes
  5136 | D:9      | Reached XP level 10. HP: 75/96 MP: 4/6
  5193 | D:10     | Entered Level 10 of the Dungeon
  5210 | D:10     | Reached ** piety under Makhleb
  5287 | D:10     | Noticed a two-headed ogre
  5302 | D:10     | Reached skill level 5 in Invocations
  5303 | D:10     | Killed a two-headed ogre
  5303 | D:10     | Reached skill level 10 in Axes
  5420 | D:10     | Noticed an elephant
  5421 | D:10     | Found a staircase to the Lair.
  5436 | D:10     | Killed an elephant
  5522 | D:10     | Reached *** piety under Makhleb
  5561 | D:10     | Noticed a two-headed ogre
  5576 | D:10     | Killed a two-headed ogre
  5576 | D:10     | Reached XP level 11. HP: 65/106 MP: 6/6
  5749 | D:10     | Found Wour's Antique Armour Boutique.
  6003 | D:11     | Reached skill level 11 in Axes
  6424 | D:11     | Noticed a fire giant
  6444 | D:11     | Killed a fire giant
  6658 | D:11     | Noticed a yaktaur captain
  6677 | D:11     | Killed a yaktaur captain
  6677 | D:11     | Reached skill level 10 in Fighting
  6692 | D:11     | Noticed a tengu warrior
  6701 | D:11     | Killed a tengu warrior
  6728 | D:11     | Noticed a storm dragon
  6757 | D:11     | Killed a storm dragon
  6804 | D:11     | Noticed Erolcha
  6817 | D:11     | Killed Erolcha
  6821 | D:11     | Reached XP level 12. HP: 63/117 MP: 7/7
  6833 | D:11     | Noticed an ettin
  6850 | D:11     | Slain by an ettin

Illustrated notes

Levels and vault maps discovered:
D:1:      lightli_iron_boxes, layout_basic, serial_forest,
          infiniplex_forest_clump_small, infiniplex_forest_lined_room_,
          infiniplex_forest_lined_room_, infiniplex_forest_straight_3,
          infiniplex_forest_straight_1, infiniplex_forest_lined_room_2,
          infiniplex_forest_end_2, nemelex_altar_shiori
D:2:      layout_loops_corners
D:3:      layout_basic, uniq_ijyb
D:4:      layout_loops_corners, lemuel_round_altar
D:5:      layout_loops_ring, serial_shops, kennysheep_mini
D:6:      layout_loops_ring, nicolae_ashenzari_panopticon
D:7:      layout_rooms, grunt_dithmenos_smoke_and_mirrors,
          minmay_temple_entry_fiery, serial_shops, shop_fountains,
          uniq_crazy_yiuf_cottage
D:8:      layout_layer_cave, chequers_temple_overflow_statue_of_worship,
          basic_altar, serial_shops, nicolae_shop_stone, nicolae_shop_trees,
          nicolae_shop_statue_plus, shop
D:9:      layout_loops_ring, serial_shops, shop
D:10:     layout_long_grid, david_lair_generic, serial_shops,
          kennysheep_mini_moat
D:11:     minmay_box_of_curves, layout_loops_ring, serial_co_window_serial,
          co_window_paths_b, co_window_corner_a, co_window_corner_a,
          co_window_paths_b, co_window_paths_a, co_window_paths_a,
          co_window_paths_a, co_window_corner_b, co_window_broadway_b,
          co_window_paths_c, glass_columns_c, glass_columns_b,
          minmay_statues_item, minmay_misc_feat_plants, uniq_erolcha
Temple:   nicolae_temple_elliptical

Skill      XL: |  1  2  3  4  5  6  7  8  9 10 11 |
---------------+----------------------------------+-----
Fighting       | 3 4 5 6 7 9 10 | 10.4
Axes           | 3 4 5 6 7 9 10 11 | 11.9
Shields        | 4 5 6 7 8 9 |  9.1
Armour         | 4 5 6 7 8 9 |  9.1
Invocations    | 1 4 6 7 |  7.9

Action                   |  1- 3 |  4- 6 |  7- 9 | 10-12 || total
-------------------------+-------+-------+-------+-------++-------
Melee: War axe           |    46 |   127 |       |       ||   173
       Hand axe          |       |    10 |   314 |   343 ||   667
 Abil: Heal Wounds       |     1 |     4 |    14 |    14 ||    33
  Use: Scroll            |       |       |    15 |       ||    15
       Potion            |       |       |       |     3 ||     3
Armor: Scale mail        |    21 |    31 |       |       ||    52
       Chain mail        |       |    34 |    92 |       ||   126
       Plate armour      |       |       |    68 |   142 ||   210
Dodge: Dodged            |    18 |    33 |    57 |    48 ||   156
Block: Kite shield       |    23 |    72 |   149 |   175 ||   419

Table legend: (Time is in decaauts)
 A = Elapsed time spent in this place.
 B = Non-inter-level travel time spent in this place.
 C = Inter-level travel time spent in this place.
 D = Time resting spent in this place.
 E = Time spent auto-exploring this place.
 F = Levels seen in this place.
 G = Mean time per level.
                   A        B        C        D        E       F      G
               +--------+--------+--------+--------+--------+-----+--------+
         Total |   6850 |   6264 |    586 |      0 |   4753 |  12 |  570.8 |
       Dungeon |   6722 |   6178 |    544 |      0 |   4671 |  11 |  611.1 |
        Temple |    127 |     86 |     41 |      0 |     82 |   1 |  127.0 |
               +--------+--------+--------+--------+--------+-----+--------+

Top non-repeatable levels by time:
     D:4: 1083 daAuts
    D:11: 929 daAuts
     D:8: 828 daAuts
     D:5: 826 daAuts
     D:9: 763 daAuts
     D:6: 706 daAuts
    D:10: 647 daAuts
     D:7: 645 daAuts
     D:3: 128 daAuts
  Temple: 127 daAuts
     D:2: 91 daAuts
     D:1: 72 daAuts
